 Dungeon Crawl Stone Soup version 0.24.1-14-gf8d2b509d9 (webtiles) character file.

Game seed: 17245241133842804445, levelgen mode: deterministic

158 Descartes the Insei (level 5, -2/34 HPs)
             Began as an Octopode Transmuter on May 30, 2020.
             Slain by a gnoll
             ... wielding a +0 spear
              (6 damage)
             ... on level 3 of the Dungeon.
             The game lasted 00:03:52 (2869 turns).

Descartes the Insei (Octopode Transmuter)           Turns: 2869, Time: 00:03:52

Health: -2/34      AC:  2    Str: 11    XL:     5   Next: 40%
Magic:  8/8        EV: 14    Int: 15    God:
Gold:   121        SH:  0    Dex: 12    Spells: 8/9 levels left

rFire    . . .     SeeInvis .   q - +1 dagger (venom)
rCold    . . .     Gourm    .   (no shield)
rNeg     . . .     Faith    .   u - +1 hat
rPois    .         Spirit   .   (no amulet)
rElec    .         Reflect  .   (no ring)
rCorr    .         Harm     .   (no ring)
MR       .....                  (no ring)
Stlth    +++.......             (no ring)
HPRegen  0.11/turn              (no ring)
MPRegen  0.11/turn              (no ring)
                                (no ring)
                                (no ring)

@: no status effects
A: almost no armour, stealthy swim, amphibious, 8 rings, constrict 8, camouflage
1, gelatinous body 1
a: no special abilities


You were on level 3 of the Dungeon.
You were not hungry.

You visited 1 branch of the dungeon, and saw 3 of its levels.

You collected 121 gold pieces.

Inventory:

Hand Weapons
 q - a +1 dagger of venom (weapon)
Missiles
 a - 69 arrows
 b - 108 stones (quivered)
 m - 3 boomerangs
Armour
 u - a +1 hat (worn)
Wands
 s - a wand of acid (14)
Scrolls
 e - 2 scrolls of fog {unknown}
 g - 2 scrolls of random uselessness {unknown}
 j - a scroll of enchant armour {unknown}
 k - a scroll of teleportation
 n - a scroll of fear {unknown}
 o - a scroll of enchant weapon {unknown}
 p - a scroll of amnesia {unknown}
 r - a scroll of magic mapping {unknown}
 t - a scroll of identify {unknown}
Potions
 d - a potion of resistance {unknown}
 f - 2 potions of curing {unknown}
 i - a potion of berserk rage {unknown}
 l - a potion of might {unknown}
 v - 2 potions of flight {unknown}
Comestibles
 c - 7 rations
 h - 6 chunks of flesh


   Skills:
 + Level 2.0 Fighting
 + Level 2.7 Dodging
 + Level 2.3 Stealth
 * Level 4.0 Unarmed Combat
 + Level 2.5 Spellcasting
 + Level 2.7 Transmutations


You had 8 spell levels left.
You knew the following spells:

 Your Spells              Type           Power        Failure   Level  Hunger
a - Beastly Appendage     Tmut           ##....       7%          1    #......

Your spell library contained the following spells:

 Spells                   Type           Power        Failure   Level  Hunger
 Sticks to Snakes         Tmut           ##......     11%         2    ###....
 Spider Form              Tmut/Pois      #.........   36%         3    ###....
 Ice Form                 Ice/Tmut       #.......     77%         4    #####..
 Blade Hands              Tmut           ##........   88%         5    ######.


Dungeon Overview and Level Annotations

Branches:
Dungeon (3/15)

Altars:


Innate Abilities, Weirdness & Mutations

You cannot wear most types of armour.
You are very stealthy in the water. (Stealth+)
You are amphibious.
You can wear up to eight rings at the same time.
You can use your tentacles to constrict eight enemies at once.
Your skin changes colour to match your surroundings (Stealth+).
Your rubbery body absorbs attacks. (AC +1, EV +1)


Message History

You are too injured to fight recklessly!
You barely miss the gnoll. Your grab misses the gnoll.
Your squeeze misses the gnoll. The gnoll misses you.
The gnoll hits you from afar with a +0 spear.
You completely miss the gnoll. You grab the gnoll. You constrict the gnoll.
The gnoll barely misses you. The gnoll misses you.
You hit the gnoll.
The gnoll is poisoned.
The gnoll is heavily wounded.
You constrict the gnoll. The gnoll barely misses you.
The gnoll closely misses you.
You hit the gnoll.
You kill the gnoll!
The gnoll misses you. The gnoll hits you with a +0 spear!
* * * LOW HITPOINT WARNING * * *
You see here a +0 club.
You hit the gnoll.
The gnoll is poisoned.
You grab the gnoll.
The gnoll is moderately wounded.
You constrict the gnoll. The gnoll hits you with a +0 spear.
You die...

#...##.............#......
....##..##..#..###.#.##...
............#.........
....
.>.....................
...
....##..##..######+#+##.
....##..##..# #......#
##..##..##..# #......#
##..........####g.....#.
....##..#...##.#@.....'.
##..##........)#......##
...............'.)....#
###.##......#..#......#
###.##.........#......#
............#..#......#
....##....#.#..#......#
...............+........
##..##.##.#.#..#........


You could see a gnoll.

Vanquished Creatures
  A hound (D:3)
  2 gnolls (D:3)
  5 adders
  4 worms
  2 dart slugs (D:2)
  A leopard gecko (D:2)
  6 orcs (D:3)
  2 giant cockroaches (D:1)
  4 goblins
  5 hobgoblins
  3 kobolds
  5 bats
  3 frilled lizards
  6 rats
49 creatures vanquished.

Notes
Turn   | Place    | Note
-------+----------+-------------------------------------------
     0 | D:1      | Descartes the Octopode Transmuter began the quest for the
                  | Orb.
     0 | D:1      | Reached XP level 1. HP: 13/13 MP: 3/3
   360 | D:1      | Reached XP level 2. HP: 18/18 MP: 5/5
   949 | D:2      | Reached skill level 1 in Stealth
   949 | D:2      | Reached XP level 3. HP: 20/23 MP: 6/6
  1958 | D:2      | Reached XP level 4. HP: 24/28 MP: 7/7
  2718 | D:3      | Reached XP level 5. HP: 32/34 MP: 8/8
  2755 | D:3      | Reached skill level 4 in Unarmed Combat
  2869 | D:3      | Slain by a gnoll

Levels and vault maps discovered:
D:1:      onia_arrival_mini_maze, layout_basic
D:2:      layout_loops_ring
D:3:      layout_basic, first_ration

Skill      XL: |  1  2  3  4  5 |
---------------+----------------+-----
Stealth        | 1 2 |  2.3
Unarmed Combat | 4 |  4.0
Fighting       | 2 |  2.0
Dodging        | |  2.7
Spellcasting   | |  2.5
Transmutations | |  2.7

Action                   |  1- 3 |  4- 6 || total
-------------------------+-------+-------++-------
Melee: Unarmed           |     9 |       ||     9
       Constrict         |    19 |    15 ||    34
       Dagger            |    60 |    49 ||   109
       Tentacles         |     9 |    10 ||    19
  Use: Scroll            |       |     3 ||     3
 Stab: Sleeping          |     4 |     2 ||     6
       Distracted        |     1 |       ||     1
  Eat: Chunk             |     2 |     4 ||     6
Armor: Skin              |    11 |     4 ||    15
Dodge: Dodged            |    30 |    32 ||    62
